 Dungeon Crawl Stone Soup version 0.30-a0-1066-g63dfefce0d (webtiles) character file.

Game seed: 17208142139628097319

103 Zeldest the Vexing (level 4, -2/23 HPs)
             Began as a Spriggan Hexslinger on Apr 12, 2023.
             Killed by divine providence
             ... invoked by an orc priest
              (11 damage)
             ... on level 3 of the Dungeon.
             The game lasted 00:05:13 (2589 turns).

Zeldest the Vexing (Spriggan Hexslinger)            Turns: 2589, Time: 00:05:14

Health: -2/23      AC:  2    Str:  6    XL:     4   Next: 51%
Magic:  7/7        EV: 17    Int: 16    God:
Gold:   197        SH:  0    Dex: 15    Spells: 4/5 levels left

rFire   . . .      SeeInvis +    a - +1 sling
rCold   + . .      Faith    .    (no shield)
rNeg    . . .      Spirit   .    c - +0 robe
rPois   .          Reflect  .    (helmet restricted)
rElec   .          Rampage  .    (no cloak)
rCorr   .                        (gloves unavailable)
Will    .....                    (boots unavailable)
Stlth   +                        (no amulet)
HPRegen 0.23/turn                i - ring of protection from cold
MPRegen 0.10/turn                (no ring)

@: very quick
A: very small, no large weapons, unfitting armour, see invisible, speed 3
a: no special abilities


You were on level 3 of the Dungeon.
You visited 1 branch of the dungeon, and saw 3 of its levels.

You collected 197 gold pieces.

Inventory:

Hand Weapons
 a - a +1 sling (weapon)
 b - a +0 dagger of electrocution
 l - a +2 dagger of protection
Armour
 c - a +0 robe (worn)
Jewellery
 i - a ring of protection from cold (left hand)
Scrolls
 d - a scroll of noise {unknown}
 e - a scroll of identify {unknown}
 f - a scroll of teleportation {unknown}
 g - a scroll of poison
 j - a scroll of brand weapon {unknown}
 p - a scroll of fear {unknown}
 q - a scroll of enchant weapon {unknown}
 r - 2 scrolls of amnesia {unknown}
Potions
 h - a potion of flight {unknown}
 k - a potion of lignification {unknown}
 m - 3 potions of haste
 n - a potion of heal wounds {unknown}
 o - 2 potions of invisibility {unknown}
 s - 2 potions of degeneration {unknown}
 t - 2 potions of curing {unknown}


   Skills:
 + Level 2.1 Fighting
 + Level 3.1 Ranged Weapons
 - Level 2.6 Dodging
 - Level 1.3 Spellcasting
 + Level 4.7 Hexes


You had 4 spell levels left.
You knew the following spells:

 Your Spells              Type           Power      Damage    Failure   Level
a - Slow                  Hex            64%        N/A       3%          1

Your spell library contained the following spells:

 Spells                   Type           Power      Damage    Failure   Level
 Inner Flame              Hex/Fire       8%         N/A       26%         3
 Portal Projectile        Hex/Tloc       16%        N/A       26%         3
 Cause Fear               Hex            8%         N/A       30%         4


Dungeon Overview and Level Annotations

Branches:
Dungeon (3/15) Zot: 16215

Altars:
The Shining One

Shops:
D:2 =


Innate Abilities, Weirdness & Mutations

You are very small and have problems with some larger weapons.
You are too small for most types of armour.
You have supernaturally acute eyesight. (SInv)
You cover ground extremely quickly. (Speed+++)


Message History

The orc hits you with a +0 dagger. The orc barely misses you.
You shoot a sling bullet.
The sling bullet completely misses the orc.
The orc barely misses you.
You shoot a sling bullet. The sling bullet barely misses the orc.
The orc completely misses you.
You shoot a sling bullet.
The sling bullet closely misses the orc.
The orc closely misses you.
You shoot a sling bullet.
The sling bullet hits the orc but does no damage.
The orc is heavily wounded.
The orc hits you with a +0 dagger. The orc barely misses you.
You shoot a sling bullet. The sling bullet hits the orc.
The orc is almost dead.
The orc hits you but does no damage.
You shoot a sling bullet.
The sling bullet hits the orc but does no damage.
The orc is almost dead.
The orc misses you.
You shoot a sling bullet. The sling bullet hits the orc.
You kill the orc!
No target in view!
No target in view!
No target in view!
Things that are here:
a +0 dagger; a +0 chain mail
There is a stone staircase leading up here.
You start resting.
An orc priest is nearby!
You shoot a sling bullet. The orc priest shouts!
The sling bullet hits the orc priest but does no damage.
The orc priest is moderately wounded.
The orc priest calls down the wrath of Beogh upon you.
Beogh smites you!
Ouch! That really hurt!
The orc priest calls down the wrath of Beogh upon you.
Beogh smites you!
You die...

..... #######'##.....# .....
#..........##### .....
#..........# .....
#..........###### .....
#....)..#.......# .......#
#.[......>.###.## .......#
#...#........#.#
...##..###+######.#.###....#.#
........[......#@.#.#......#.#
...............#..#.#.#....#.#
...............#..#.#.#....#.####
#...................#.#..........
#.....................#...##.##.#
#.##.....#####......o.#......#<..
...#.#####...#####..#.#...#######
.....'....._.....'..#.#.........#
.....#####...#####..#.#.#.#.##.##


You could see an orc priest.

Vanquished Creatures
  4 gnolls (D:2)
  2 adders
  3 dart slugs
  2 orcs
  2 ball pythons (D:1)
  5 endoplasms
  A giant cockroach (D:1)
  4 hobgoblins
  6 kobolds
  5 bats
  2 frilled lizards (D:2)
  A goblin (D:1)
  6 rats
43 creatures vanquished.

Notes
Turn   | Place    | Note
-------+----------+-------------------------------------------
     0 | D:1      | Zeldest the Spriggan Hexslinger began the quest for the
                  | Orb.
     0 | D:1      | Reached XP level 1. HP: 9/9 MP: 3/3
   311 | D:1      | Reached skill level 1 in Fighting
   379 | D:1      | Reached XP level 2. HP: 14/14 MP: 5/5
   745 | D:1      | Reached skill level 4 in Hexes
  1336 | D:2      | Reached XP level 3. HP: 18/18 MP: 6/6
  1348 | D:2      | Found Feyps's Jewellery Emporium.
  1697 | D:2      | Reached XP level 4. HP: 23/23 MP: 7/7
  2028 | D:3      | Found a glowing golden altar of the Shining One.
  2260 | D:3      | Noticed a bullfrog
  2589 | D:3      | Killed from afar by an orc priest

Illustrated notes

Levels and vault maps discovered:
D:1:      dpeg_arrival_boxes_within_box, layout_loops_corners, st_stairs_14
D:2:      layout_basic, serial_shops, nicolae_shop_statue_plus,
          grunt_decor_fettered
D:3:      minmay_door_path, layout_basic, mainiacjoe_overflow_surrounded_room,
          nicolae_sif_muna_little_library, gammafunk_ghost_cemetery,
          moated_statue, minmay_misc_feat_more_columns, serial_park_tiny_pond

Skill      XL: |  1  2  3  4 |
---------------+-------------+-----
Fighting       | 1 2 |  2.1
Hexes          | 4 |  4.7
Ranged Weapons | 3 |  3.1
Dodging        | |  2.6
Spellcasting   | |  1.3

Action                     |  1- 3 |  4- 6 || total
---------------------------+-------+-------++-------
   Fire: Sling             |   121 |    71 ||   192
   Cast: Slow              |     2 |       ||     2
 Armour: Robe              |     6 |     1 ||     7
  Dodge: Dodged            |    35 |    27 ||    62

Table legend: (Time is in decaauts)
 A = Elapsed time spent in this place.
 B = Non-inter-level travel time spent in this place.
 C = Inter-level travel time spent in this place.
 D = Time resting spent in this place.
 E = Time spent auto-exploring this place.
 F = Levels seen in this place.
 G = Mean time per level.
                   A        B        C        D        E       F      G
               +--------+--------+--------+--------+--------+-----+--------+
         Total |   1784 |   1720 |     64 |    155 |   1074 |   3 |  594.7 |
       Dungeon |   1784 |   1720 |     64 |    155 |   1074 |   3 |  594.7 |
               +--------+--------+--------+--------+--------+-----+--------+

Top non-repeatable levels by time:
     D:2: 788 daAuts
     D:1: 650 daAuts
     D:3: 344 daAuts
